 Dungeon Crawl Stone Soup version 0.26-a0-1012-gedcf9b2963 (webtiles) character file.

Game seed: 16768605049841551251

52 ANON1729 the Chopper (level 3, 0/33 HPs)
             Began as a Hill Orc Monk on Dec 7, 2020.
             Succumbed to an adder's poison
             ... on level 2 of the Dungeon.
             The game lasted 00:01:31 (1648 turns).

ANON1729 the Chopper (Hill Orc Monk)                Turns: 1648, Time: 00:01:31

Health: 0/33       AC:  2    Str: 11 (14) XL:     3   Next: 85%
Magic:  3/3        EV: 13    Int:  8 (10) God:
Gold:   27         SH:  0    Dex: 12 (13) Spells: 2/2 levels left

rFire    . . .     SeeInvis .   a - +0 hand axe
rCold    . . .     Faith    .   (no shield)
rNeg     . . .     Spirit   .   b - +0 robe
rPois    .         Reflect  .   (no helmet)
rElec    .         Harm     .   (no cloak)
rCorr    .         Rampage  .   (no gloves)
Will     .....                  (no boots)
Stlth    ++........             (no amulet)
HPRegen  0.11/turn              (no ring)
MPRegen  0.08/turn              (no ring)

@: lethally poisoned (0 -> -2), flying, very slightly contaminated, invisible
(expiring)
A: no striking features
a: no special abilities


You were on level 2 of the Dungeon.
You visited 1 branch of the dungeon, and saw 2 of its levels.

You collected 27 gold pieces.

Inventory:

Hand Weapons
 a - a +0 hand axe (weapon)
Armour
 b - a +0 robe (worn)
Jewellery
 f - an uncursed ring of magical power {unknown}
Scrolls
 c - a scroll of enchant armour {unknown}
 e - a scroll of magic mapping {unknown}
 h - a scroll of identify {unknown}
 j - a scroll of remove curse {unknown}
Potions
 g - 2 potions of flight


   Skills:
 + Level 4.1 Fighting
 + Level 4.6 Axes
 + Level 2.9 Dodging
 + Level 2.2 Stealth


You had 2 spell levels left.
You didn't know any spells.
Your spell library was empty.

Dungeon Overview and Level Annotations

Branches:
Dungeon (2/15)

Altars:


Message History

You kill the goblin!
* * * LOW HITPOINT WARNING * * *
You feel sick.
* * * LOW HITPOINT WARNING * * *
You feel sick.
* * * LOW HITPOINT WARNING * * *
You feel sick.
Okay, then.
You reach down and open the door.
* * * LOW HITPOINT WARNING * * *
You feel sick.
* * * LOW HITPOINT WARNING * * *
You feel sick.
You flicker for a moment.
* * * LOW HITPOINT WARNING * * *
You feel sick.
A quokka comes into view.
Found a stone staircase leading up.
A goblin comes into view. It is wielding a +0 dagger.
You die...

######....).#
#....'......#..
#.####......#..
##.....#g#
#.#.#.#.#
#.#.#.#.# #
#.#.#.#.##.#..
##.#.#.#.......
........@...r<..
###.#.#######...
#.#.. #


You could see a quokka (asleep) and a goblin (asleep).

Vanquished Creatures
  An adder (D:2)
  2 oozes (D:1)
  2 dart slugs (D:1)
  A leopard gecko (D:1)
  3 bats (D:1)
  2 giant cockroaches (D:1)
  5 goblins
  5 hobgoblins (D:1)
  5 kobolds (D:1)
26 creatures vanquished.

Notes
Turn   | Place    | Note
-------+----------+-------------------------------------------
     0 | D:1      | ANON1729 the Hill Orc Monk began the quest for the Orb.
     0 | D:1      | Reached XP level 1. HP: 19/19 MP: 1/1
     2 | D:1      | Noticed a formicid
     2 | D:1      | Noticed a demonspawn
     4 | D:1      | Noticed a demigod
     4 | D:1      | Noticed a halfling
     6 | D:1      | Noticed a human
     6 | D:1      | Noticed a vine stalker
     8 | D:1      | Noticed an octopode
     8 | D:1      | Noticed a troll
    10 | D:1      | Noticed an elf
    10 | D:1      | Noticed a gargoyle
    12 | D:1      | Noticed an ogre
    12 | D:1      | Noticed a felid
    14 | D:1      | Noticed a draconian
    14 | D:1      | Noticed a naga
    16 | D:1      | Noticed a merfolk
    16 | D:1      | Noticed a tengu
    18 | D:1      | Noticed a minotaur
    20 | D:1      | Noticed a centaur
    20 | D:1      | Noticed a spriggan
    22 | D:1      | Noticed a dwarf
    24 | D:1      | Noticed a ghoul
    27 | D:1      | Noticed a vampire
   206 | D:1      | Reached XP level 2. HP: 26/27 MP: 2/2
   667 | D:1      | Reached XP level 3. HP: 23/33 MP: 3/3
  1645 | D:2      | HP: 1/33 [poisoned by an adder]
  1648 | D:2      | Succumbed to an adder's poison

Illustrated notes

Levels and vault maps discovered:
D:1:      kb_arrival_jail, layout_loops_corners
D:2:      layout_basic, grunt_temple_overflow_diamond, minivault_26,
          minmay_misc_feat_rugged, uniq_natasha, uniq_robin

Skill      XL: |  1  2 |
---------------+-------+-----
Fighting       | 4 |  4.1
Stealth        | 2 |  2.2
Axes           | |  4.6
Dodging        | |  2.9

Action                   || total
-------------------------++-------
Melee: Hand axe          ||   116
  Use: Potion            ||     4
 Stab: Sleeping          ||     4
       Invisible         ||     1
Armor: Robe              ||    20
Dodge: Dodged            ||    77

Table legend: (Time is in decaauts)
 A = Elapsed time spent in this place.
 B = Non-inter-level travel time spent in this place.
 C = Inter-level travel time spent in this place.
 D = Time resting spent in this place.
 E = Time spent auto-exploring this place.
 F = Levels seen in this place.
 G = Mean time per level.
                   A        B        C        D        E       F      G
               +--------+--------+--------+--------+--------+-----+--------+
         Total |   1657 |   1588 |     69 |      0 |   1342 |   2 |  828.5 |
       Dungeon |   1657 |   1588 |     69 |      0 |   1342 |   2 |  828.5 |
               +--------+--------+--------+--------+--------+-----+--------+

Top non-repeatable levels by time:
     D:1: 1603 daAuts
     D:2: 53 daAuts
